 Dungeon Crawl Stone Soup version 0.19.5 (webtiles) character file.

53 tricornhat the Firebug (level 3, 0/24 HPs)
             Began as a Demonspawn Fire Elementalist on Mar 21, 2017.
             Slain by a worker ant (7 damage)
             ... on level 4 of the Dungeon.
             The game lasted 00:13:06 (2286 turns).

tricornhat the Firebug (DsFE)                       Turns: 2286, Time: 00:13:07

Health: 0/24       AC:  4    Str:  8    XL:     3   Next: 64%
Magic:  6/6        EV: 12    Int: 17    God:
Gold:   127        SH:  0    Dex: 13    Spells: 2 memorised, 4 levels left

rFire  . . .     SeeInvis .     d - +0 dagger (curse)
rCold  . . .     Gourm    .     a - +0 robe
rNeg   . . .     Faith    .     (no shield)
rPois  .         Spirit   .     (no helmet)
rElec  .         Reflect  .     i - +0 cloak
rCorr  .         Harm     .     j - +0 pair of gloves
MR     .....                    (no boots)
Stlth  +++.......               (no amulet)
                                (no ring)
                                (no ring)

@: lethally poisoned (0 -> -5)
A: nightstalker 1
a: no special abilities


You were on level 4 of the Dungeon.
You were hungry.

You visited 1 branch of the dungeon, and saw 3 of its levels.

You collected 127 gold pieces.

Inventory:

Hand Weapons
 d - a cursed +0 dagger (weapon)
 o - a cursed +0 dagger
Armour
 a - a +0 robe (worn)
 i - a +0 cloak (worn)
 j - a +0 pair of gloves (worn)
Jewellery
 h - a cursed ring of teleportation {unknown}
Scrolls
 l - a scroll of enchant weapon
 n - a scroll of enchant armour {unknown}
Potions
 e - a potion of ambrosia {unknown}
 g - a potion of cancellation {unknown}
Books
 b - a book of Flames

   Spells                             Type                      Level
   a - Flame Tongue                   Conjuration/Fire             1
   b - Throw Flame                    Conjuration/Fire             2
   c - Conjure Flame                  Conjuration/Fire             3
   d - Inner Flame                    Hexes/Fire                   3
   e - Sticky Flame                   Conjuration/Fire             4
   f - Fireball                       Conjuration/Fire             5
Comestibles
 c - 5 bread rations
 f - a slice of pizza
 k - a beef jerky


   Skills:
 + Level 0.3 Short Blades
 + Level 2.1 Dodging
 + Level 2.0 Stealth
 * Level 2.6 Spellcasting
 + Level 1.3 Conjurations
 + Level 3.3 Fire Magic


You had 4 spell levels left.
You knew the following spells:

 Your Spells              Type           Power        Failure   Level  Hunger
a - Flame Tongue          Conj/Fire      ##...        10%         1    #......
b - Throw Flame           Conj/Fire      ##....       14%         2    ##.....


Dungeon Overview and Level Annotations

Branches:
Dungeon (2/15)

Altars:

Shops:
D:4 }[

Annotations:
D:4 Blork the orc


Innate Abilities, Weirdness & Mutations

You are slightly more attuned to the shadows.


Message History

A worker ant comes into view.
The worker ant twitches its antennae in your direction.
Blork the orc comes into view.
He is wielding a war axe.
Blork the orc shouts!
Blork the orc points at you and mumbles some strange words.
The puff of frost hits you!
Okay, then.
The worker ant bites you.
You are poisoned.
The worker ant poisons you!
You feel sick. The worker ant bites you.
You feel sick. The worker ant misses you.
You feel sick. The worker ant closely misses you.
You feel sick.
You feel sick. The worker ant misses you.
You feel sick.
You feel sick. The worker ant bites you!
You die...

#.# #.# #.# #.# #.#
####### ##.##
......####...#
.[#.........#.##########
#.#.#.##.##.....@a.....#
....#.###.....########.#
...##.# .....# #.#
...##.# ##...## #.#
##.##.# ##.## ###.#####
......# .# ####.......#
##.#### ###....#.###.#
#.# #≈≈.≈≈.#.# ##.#
#≈#+#≈.#..


You could see a worker ant.

Vanquished Creatures
  An adder (D:2)
  2 worms
  2 dart slugs (D:1)
  A leopard gecko (D:4)
  2 orcs (D:4)
  3 bats (D:1)
  A giant cockroach (D:1)
  2 goblins
  5 hobgoblins (D:1)
  2 jackals (D:1)
  2 kobolds (D:1)
  4 frilled lizards
  A leopard gecko skeleton (D:4)
  4 rats
32 creatures vanquished.

Notes
Turn   | Place    | Note
-------+----------+-------------------------------------------
     0 | D:1      | tricornhat the Demonspawn Fire Elementalist began the quest for the Orb.
     0 | D:1      | Reached XP level 1. HP: 13/13 MP: 3/3
   450 | D:1      | Reached skill level 3 in Fire Magic
   450 | D:1      | Gained mutation: You are slightly more attuned to the shadows. [demonic ancestry]
   450 | D:1      | Reached XP level 2. HP: 19/19 MP: 1/5
  1271 | D:2      | Reached XP level 3. HP: 19/24 MP: 0/6
  1275 | D:2      | Learned a level 2 spell: Throw Flame
  1723 | D:2      | You fall through a shaft for 2 floors!
  1832 | D:4      | Found Ikyr's Antique Armour Shop.
  1893 | D:4      | HP: 1/24 [worm (9)]
  2242 | D:4      | Found Coiciyg's Gadget Shoppe.
  2273 | D:4      | Noticed Blork the orc
  2286 | D:4      | Slain by a worker ant

Skill      XL: |  1  2  3 |
---------------+----------+-----
Fire Magic     | 3 |  3.3
Dodging        | 2 |  2.1
Stealth        | 2 |  2.0
Short Blades   | |  0.3
Spellcasting   | |  2.6
Conjurations   | |  1.3

Action                   || total
-------------------------++-------
Melee: Dagger            ||    30
 Cast: Flame Tongue      ||    59
  Use: Potion            ||     1
       Scroll            ||     2
 Stab: Sleeping          ||     5
  Eat: Chunk             ||     4
Armor: Robe              ||    31
Dodge: Dodged            ||    57
